AoeStats
← MattAtArms

Arabia

504534350Analyzed
1v1 RM · 27d ago on Sep 5, 2026· 44m 41s· 2 players
Game mode
Random Map
Map size
Tiny (2 player)
Population
200
Speed
Normal
Resources
Standard
Victory
Conquest
Starting age
Dark Age
Ending age
Imperial Age
RankedLock teamsTeams togetherTeam positionsShared explorationLock speedFull tech treeHidden civsTurbo modeCheats
Victory
Defeat
🇬🇧 Burgundians · United Kingdom
1919
+19
🇦🇷 Japanese · Argentina
1977
-19
MattAtArms
3:27 Double-Bit Axe
8:59 Feudal Age
8:28 Loom
14:13 Fletching
17:01 Horse Collar
23:33 Castle Age
21:35 Gold Mining
22:06 Padded Archer Armor
22:58 Bow Saw
23:43 Crossbowman
24:20 Bodkin Arrow
26:28 Ballistics
27:12 Wheelbarrow
26:22 Town Watch
36:25 Imperial Age
38:08 Chemistry
37:23 Bracer
38:16 Leather Archer Armor
38:04 Heavy Plow
39:07 Scale Barding Armor
39:12 Forging
40:46 Conscription
40:00 Cavalier
41:26 Chain Barding Armor
42:50 Plate Barding Armor
Buchi
6:08 Loom
8:52 Feudal Age
8:55 Man-at-Arms
14:02 Fletching
16:27 Double-Bit Axe
17:21 Horse Collar
18:39 Wheelbarrow
23:06 Castle Age
22:11 Padded Archer Armor
23:01 Gold Mining
23:16 Crossbowman
23:53 Bodkin Arrow
25:44 Bow Saw
27:44 Ballistics
28:32 Leather Archer Armor
33:46 Bloodlines
40:22 Imperial Age
38:29 Thumb Ring
41:10 Gold Shaft Mining
41:09 Bracer
42:15 Chemistry
42:30 Parthian Tactics
42:39 Ring Archer Armor
43:09 Guard Tower
Connection lost

Rejoining the realm…

Still unreachable

The connection could not be restored.

Session expired

The server has moved on; the page needs a fresh start.